 Dungeon Crawl Stone Soup version 0.21.1-1-g345015f (webtiles) character file.

4822 vatarom the Gouger (level 10, 0/49 HPs)
             Began as a Felid Berserker on Apr 28, 2018.
             Was an Elder of Trog.
             Succumbed to a black mamba's poison
             ... on level 1 of the Lair of Beasts.
             The game lasted 00:27:49 (11383 turns).

vatarom the Gouger (Felid Berserker)               Turns: 11383, Time: 00:27:50

Health: 0/49       AC:  2    Str: 14 (16) XL:     10   Next: 25%
Magic:  20/20      EV: 24    Int:  5 (8)  God:    Trog [****..]
Gold:   524        SH:  0    Dex: 12 (15) Spells: 9/9 levels left
                                        Lives:  0   Deaths: 3

rFire    . . .     SeeInvis +     - Unarmed
rCold    . . .     Gourm    .   (shield unavailable)
rNeg     . . .     Faith    .   (armour unavailable)
rPois    .         Spirit   .   (helmet unavailable)
rElec    .         Reflect  .   (cloak unavailable)
rCorr    +         Harm     .   (gloves unavailable)
MR       ++++.                  (boots unavailable)
Stlth    +++++.....             i - amulet of magic regeneration
HPRegen  0.16/turn              x - ring of protection from magic
MPRegen  0.42/turn              A - ring of Yduy {rCorr MR++ MP+9 Dex-2 SInv}

@: lethally poisoned (0 -> -16), quick
A: very small, no armour, no weapons or thrown items, stealth, claws 1, fangs 3,
see invisible, carnivore, speed 1, shaggy fur 2, slow metabolism 1, sharp paws
a: Berserk, Trog's Hand, Brothers in Arms, Burn Spellbooks, Renounce Religion


You were on level 1 of the Lair of Beasts.
You worshipped Trog.
Trog was greatly pleased with you.
You were not hungry.

You visited 3 branches of the dungeon, and saw 13 of its levels.

You collected 626 gold pieces.
You spent 102 gold pieces at shops.

Inventory:

Jewellery
 i - an amulet of magic regeneration (around neck)
 q - an uncursed ring of positive energy
 x - a ring of protection from magic (left paw)
 A - the ring of Yduy (right paw) {rCorr MR++ MP+9 Dex-2 SInv}
   (You found it on level 11 of the Dungeon)

   [ring of resist corrosion]

   It affects your dexterity (-2).
   It affects your resistance to hostile enchantments.
   It affects your magic capacity (+9).
   It lets you see invisible.
Wands
 s - a wand of flame (25)
 y - a wand of disintegration (14)
 z - a wand of iceblast (9)
Scrolls
 b - a scroll of identify
 c - 2 scrolls of teleportation
 d - 2 scrolls of enchant armour
 f - a scroll of random uselessness
 j - 3 scrolls of immolation
 l - 6 scrolls of magic mapping
 n - 3 scrolls of blinking
 p - 9 scrolls of remove curse
Potions
 g - 2 potions of might
 t - a potion of haste {unknown}
 v - a potion of flight
 w - 2 potions of agility
Books
 h - a book of Battle

   Spells                             Type                      Level
   a - Infusion                       Charms                       1
   b - Shroud of Golubria             Charms/Translocation         2
   c - Song of Slaying                Charms                       2
   d - Spectral Weapon                Hexes/Charms                 3
   e - Regeneration                   Charms/Necromancy            3
   Trog disapproves of the use of such an item.
 r - a book of Changes

   Spells                             Type                      Level
   a - Beastly Appendage              Transmutation                1
   b - Sticks to Snakes               Transmutation                2
   c - Spider Form                    Transmutation/Poison         3
   d - Ice Form                       Ice/Transmutation            4
   e - Blade Hands                    Transmutation                5
   Trog disapproves of the use of such an item.
 u - a book of Callings

   Spells                             Type                      Level
   a - Summon Small Mammal            Summoning                    1
   b - Call Imp                       Summoning                    2
   c - Call Canine Familiar           Summoning                    3
   d - Summon Guardian Golem          Hexes/Summoning              3
   e - Summon Lightning Spire         Summoning/Air                4
   f - Summon Ice Beast               Ice/Summoning                4
   Trog disapproves of the use of such an item.
 B - a book of Minor Magic

   Spells                             Type                      Level
   a - Magic Dart                     Conjuration                  1
   b - Blink                          Translocation                2
   c - Call Imp                       Summoning                    2
   d - Slow                           Hexes                        2
   e - Conjure Flame                  Conjuration/Fire             3
   f - Mephitic Cloud                 Conjuration/Poison/Air       3
   Trog disapproves of the use of such an item.
Miscellaneous
 m - a fan of gales
Comestibles
 a - 15 rations
 C - 6 chunks of flesh


   Skills:
 + Level 8.8 Fighting
 + Level 11.3 Dodging
 + Level 11.3 Stealth
 * Level 11.6 Unarmed Combat


You had 9 spell levels left.
You didn't know any spells.

Dungeon Overview and Level Annotations

Branches:
Dungeon (11/15)            Temple (1/1) D:6            Lair (1/6) D:9
    Orc (0/2) D:10

Altars:
Ashenzari
Cheibriados
Elyvilon
Fedhas
Gozag
Hepliaklqana
Kikubaaqudgha
Makhleb
Nemelex Xobeh
Okawaru
Qazlal
Ru
Sif Muna
Trog
Uskayaw
Vehumet
Wu Jian
Xom
Yredelemnul
Zin
The Shining One

Shops:
D:9 %%*[%

Annotations:
D:11 1 exclusion, Josephine


Innate Abilities, Weirdness & Mutations

You cannot wear armour.
You are incapable of wielding weapons or throwing items.
Your paws allow you to move quietly. (Stealth)
You have sharp claws.
You have razor-sharp teeth.
You have supernaturally acute eyesight. (SInv)
You are carnivorous and can eat meat at any time.
You cover ground quickly.
You are covered in thick fur. (AC +2)
You have a slow metabolism.
Your sharp claws are effective at attacking unaware monsters.


Message History

The black mamba misses you. The crocodile bites your ogre.
Your ogre dies!
Your ogre's corpse disappears in a puff of smoke!
You mangle the black mamba!!
You kill the black mamba!
Trog accepts your kill.
You can now call in reinforcements.
* * * LOW HITPOINT WARNING * * *
You feel sick.
It was a potion of degeneration.
There was something very wrong with that liquid.
You feel weakened.
You feel dopey.
You feel clumsy.
* * * LOW HITPOINT WARNING * * *
You feel sick. The yak closely misses you. The crocodile bites you!
* * * LOW HITPOINT WARNING * * *
A yak comes into view.
It was a potion of cancellation.
Your magical effects are unravelling.
You feel magically purged.
You feel a little less mighty now.
You die...

#.##.⌠..# # #.......# #.
.#####..⌠.>.⌠# .). .....
.#..... .. ......##...#
#.##.#.###...## ##.
##....†##.....t###.....
#..##.#.#.#..@Y...#
#.+.........#...#.##.Y...
#.....⌠.......⌠.#.+ ⌠..
#.+...............# .
###.###†#.#.#.....#
##.##.....###...$.##
....#.#.###..#.+###
≈...........##...
≈#..####..###....=


You could see 2 yaks and a crocodile.

Vanquished Creatures
  Erica (D:8)
  A skeletal warrior (D:11)
  A cyclops (D:11)
  A black mamba (Lair:1)
  Psyche (D:11)
  2 spiny frogs (Lair:1)
  Sigmund (D:5)
  A hippogriff (Lair:1)
  2 yaks (D:7)
  A spriggan (D:7)
  Grum (D:8)
  Menkaure (D:6)
  6 water moccasins
  2 porcupines (Lair:1)
  A necrophage (D:9)
  A sky beast (D:10)
  An ice beast (D:9)
  3 orc warriors
  3 phantoms
  3 black bears
  2 ogres
  2 crocodiles (Lair:1)
  A centaur (D:6)
  2 wolves (D:8)
  A big kobold (D:8)
  10 bullfrogs
  A wyvern zombie (D:11)
  2 water moccasin zombies
  A scorpion (D:10)
  A water moccasin skeleton (D:7)
  A wyvern skeleton (D:8)
  3 killer bees (D:10)
  8 wights
  A howler monkey (D:4)
  4 crimson imps
  A bullfrog zombie (D:10)
  A quasit (D:7)
  6 hounds
  7 orc priests
  A bullfrog skeleton (D:10)
  7 orc wizards
  A centaur skeleton (D:4)
  Terence (D:2)
  Natasha (D:2)
  4 iguanas
  10 worker ants
  3 hound skeletons
  A howler monkey zombie (D:9)
  Robin (D:3)
  A worker ant zombie (D:10)
  6 gnolls
  A howler monkey skeleton (D:4)
  14 adders
  5 shadow imps
  An ooze (D:3)
  2 adder zombies (D:7)
  An adder skeleton (D:5)
  3 worms
  A dart slug (D:1)
  4 leopard geckos
  28 orcs
  3 ball pythons
  7 bats
  5 giant cockroaches
  18 goblins
  10 hobgoblins
  14 jackals
  9 kobolds
  2 quokkas
  A ball python zombie (D:5)
  A frilled lizard (D:1)
  A goblin skeleton (D:8)
  A goblin zombie (D:8)
  2 hobgoblin zombies (D:8)
  An orc skeleton (D:8)
  An orc zombie (D:8)
  21 rats
283 creatures vanquished.

Vanquished Creatures (collateral kills)
  A two-headed ogre (D:8)
  Joseph (D:9)
  A hippogriff (Lair:1)
  A yak (D:7)
  A hungry ghost (D:10)
  3 wargs (D:9)
  3 orc warriors
  An ice beast (D:6)
  2 wolves (D:8)
  6 killer bees (D:10)
  A wight (D:9)
  A centaur zombie (D:11)
  3 orc priests
  6 orc wizards
  A hound skeleton (D:9)
  A howler monkey skeleton (D:10)
  An adder (D:9)
  10 orcs
  A hobgoblin (D:10)
  A kobold (D:8)
  3 goblin zombies (D:8)
  A hobgoblin zombie (D:8)
50 creatures vanquished.

Grand Total: 333 creatures vanquished

Notes
Turn   | Place    | Note
-------+----------+-------------------------------------------
     0 | D:1      | vatarom the Felid Berserker began the quest for the Orb.
     0 | D:1      | Reached XP level 1. HP: 10/10 MP: 2/2
   255 | D:1      | Reached skill level 1 in Stealth
   273 | D:1      | Reached XP level 2. HP: 14/14 MP: 3/3
   954 | D:1      | Reached XP level 3. HP: 13/17 MP: 4/4
  1154 | D:2      | Reached ** piety under Trog
  1323 | D:2      | Noticed Natasha
  1332 | D:2      | Reached XP level 4. HP: 13/21 MP: 5/5
  1337 | D:2      | Killed Natasha
  1488 | D:2      | Noticed Terence
  1498 | D:2      | Killed Terence
  1682 | D:2      | Reached skill level 5 in Dodging
  1702 | D:2      | You fall through a shaft!
  1702 | D:3      | Found a shattered altar of Ashenzari.
  1735 | D:4      | Reached XP level 5. HP: 19/25 MP: 6/6
  2094 | D:3      | Found a stormy altar of Qazlal.
  2480 | D:3      | Reached *** piety under Trog
  2589 | D:3      | Noticed Robin
  2604 | D:3      | Killed Robin
  2604 | D:3      | Gained mutation: You are covered in thick fur. (AC +2) [Felid growth]
  2604 | D:3      | Reached XP level 6. HP: 22/28 MP: 7/7
  3360 | D:4      | Reached skill level 5 in Unarmed Combat
  3363 | D:4      | Reached **** piety under Trog
  3731 | D:5      | Entered Level 5 of the Dungeon
  3800 | D:5      | Reached XP level 7. HP: 33/33 MP: 8/8
  3831 | D:5      | Noticed Sigmund
  3839 | D:5      | Killed Sigmund
  3841 | D:5      | Reached skill level 5 in Stealth
  3951 | D:5      | Found a burning altar of Makhleb.
  4257 | D:5      | Found an iron altar of Okawaru.
  4620 | D:6      | Reached skill level 5 in Fighting
  4963 | D:6      | Reached XP level 8. HP: 37/37 MP: 9/9
  5094 | D:6      | Noticed Menkaure
  5101 | D:6      | Killed Menkaure
  5116 | D:6      | Found a staircase to the Ecumenical Temple.
  5196 | Temple   | Entered the Ecumenical Temple
  5363 | D:6      | Found a burning altar of Makhleb.
  5363 | D:6      | Noticed a green death
  6231 | D:7      | Got a faintly glowing trident
  6232 | D:7      | Identified the +2 trident "Byinecul" {flame, rElec Str-5 Stlth+} (You found it on level 7 of the Dungeon)
  6245 | D:7      | Reached XP level 9. HP: 41/41 MP: 10/10
  7029 | D:8      | Noticed Grum
  7069 | D:8      | Mangled by Grum
  7070 | D:8      | Reached XP level 8. HP: -10/39 MP: 9/9
  7080 | D:8      | Killed Grum
  7168 | D:8      | Noticed a two-headed ogre
  7176 | D:8      | Killed a two-headed ogre
  7176 | D:8      | Reached XP level 9. HP: 37/42 MP: 10/10
  7197 | D:8      | Found a glowing golden altar of the Shining One.
  7937 | D:8      | Noticed Erica
  7944 | D:8      | Killed Erica
  8012 | D:8      | Found a glowing golden altar of the Shining One.
  8012 | D:8      | Found an ornate altar of the Wu Jian Council.
  8068 | D:9      | Noticed Joseph
  8073 | D:9      | Found Dises's Food Boutique.
  8077 | D:9      | Shot with a sling bullet by Joseph
  8078 | D:9      | Reached XP level 8. HP: -5/40 MP: 9/9
  8185 | D:9      | Found a staircase to the Lair.
  8198 | D:9      | Reached skill level 10 in Unarmed Combat
  8284 | D:9      | Killed Joseph
  8284 | D:9      | Reached XP level 9. HP: 39/43 MP: 10/10
  8345 | D:9      | Found a radiant altar of Vehumet.
  8399 | D:9      | Reached skill level 10 in Dodging
  8433 | D:9      | Found a hazy altar of Hepliaklqana.
  8445 | D:9      | Found Mytoez's Food Emporium.
  8558 | D:9      | Found Ustran's Food Shop.
  8573 | D:9      | Found Qimyissi's Assorted Antiques.
  8582 | D:9      | Bought a potion of curing for 102 gold pieces
  8596 | D:9      | Found Zyev's Antique Armour Boutique.
  8753 | D:9      | Found an opulent altar of Gozag.
  8754 | D:9      | Found a sparkling altar of Nemelex Xobeh.
  8794 | D:10     | Entered Level 10 of the Dungeon
  8837 | D:10     | Reached skill level 10 in Stealth
  8991 | D:10     | Found a staircase to the Orcish Mines.
  9657 | D:10     | Reached XP level 10. HP: 47/48 MP: 11/11
 10473 | D:11     | Noticed Josephine
 10494 | D:11     | Noticed Psyche
 10500 | D:11     | Killed Psyche
 10530 | D:11     | Got a bound lead ring
 10531 | D:11     | Identified the ring of Yduy {rCorr MR++ MP+9 Dex-2 SInv} (You found it on level 11 of the Dungeon)
 10553 | D:11     | Noticed a cyclops
 10579 | D:11     | Killed a cyclops
 10718 | D:11     | Noticed a skeletal warrior
 10718 | D:11     | Noticed a skeletal warrior
 10718 | D:11     | Noticed a skeletal warrior
 10739 | D:11     | Killed a skeletal warrior
 10892 | D:11     | Annihilated by a skeletal warrior
 10893 | D:11     | Reached XP level 9. HP: -33/67 MP: 19/19
 11052 | Lair:1   | Entered Level 1 of the Lair of Beasts
 11131 | Lair:1   | Noticed a spiny frog
 11140 | Lair:1   | Killed a spiny frog
 11313 | Lair:1   | Noticed a spiny frog
 11320 | Lair:1   | Reached XP level 10. HP: 49/49 MP: 11/11
 11334 | Lair:1   | Killed a spiny frog
 11370 | Lair:1   | Noticed a black mamba
 11381 | Lair:1   | Killed a black mamba
 11382 | Lair:1   | HP: 1/49 [crocodile (7)]
 11383 | Lair:1   | Succumbed to a black mamba's poison

Skill      XL: |  1  2  3  4  5  6  7  8  9 10 |
---------------+-------------------------------+-----
Stealth        | 1 2 3 4 5 7 11 | 11.3
Unarmed Combat | 4 5 6 10 11 | 11.6
Dodging        | 5 6 9 10 11 | 11.3
Fighting       | 4 5 6 8 |  8.8

Action                   |  1- 3 |  4- 6 |  7- 9 | 10-12 || total
-------------------------+-------+-------+-------+-------++-------
Melee: Unarmed           |    58 |   160 |   358 |    66 ||   642
       Bite              |     3 |    12 |    41 |     8 ||    64
       Punch             |       |     3 |    11 |     4 ||    18
Invok: Berserk           |     7 |    14 |    31 |     6 ||    58
       Trog's Hand       |       |     1 |     4 |       ||     5
       Brothers in Arms  |       |       |    13 |     2 ||    15
Evoke: Wand              |       |       |    12 |       ||    12
  Use: Potion            |       |     2 |     5 |     4 ||    11
       Scroll            |       |     5 |    12 |     1 ||    18
 Stab: Sleeping          |     5 |     3 |    27 |     9 ||    44
       Distracted        |     1 |       |     1 |       ||     2
  Eat: Chunk             |    13 |    16 |    36 |     2 ||    67
       Ration            |       |       |     6 |     1 ||     7
Armor: Skin              |     2 |     5 |    27 |     1 ||    35
Dodge: Dodged            |    36 |   108 |   386 |    41 ||   571
